cohdb
Replays
Latest Replays
All Replays
Popular Replays
Top Player Replays
Match Explorer
How It Works
Community
CoH3 Stats
Reddit
Sign in to upload your games and track your stats! →
Sign in with Steam
Match 43089591
Unlisted
Match 43089591
Overview
Messages
Build Orders
End
Vickers Machine Gun Team
Construct Section Command Post
Selects Canadian Shock Battlegroup
Selects Canadian Shock Battlegroup
Selects Canadian Shock Battlegroup
Dingo Light Scout Car
Infantry Section
Infantry Section
Infantry Section
Selects Incendiary Munitions
Construct Platoon Command Post
Grenade Package
6-pounder Anti-tank Gun Team
Unlock M3 Stuart Light Tanks
Selects Offensive Resupply
Selects Canadian Shock Section
M3 Stuart Light Tank
Infantry Section
M3 Stuart Light Tank
Selects Pyrotechnics
Infantry Section
Infantry Training
6-pounder Anti-tank Gun Team
Light Vehicle Training
Selects Demolition Engineering
Canadian Shock Section
Selects Smoke Operation
Construct Company Command Post
Crusader II Medium Tank
Crusader II Medium Tank
STALKER4732
kit.ohume
Devochkin
sarigom
William Rhodes
Wehearvoices
0
0
Comments
sign in to comment!
No comments posted yet!